 Dungeon Crawl Stone Soup version 0.28-a0-589-g333b8329f1 (webtiles) character file.

Game seed: 16279548052135366819

1589 iamoutofideas the Cleaver (level 8, -6/70 HPs)
             Began as a Hill Orc Gladiator on Oct 4, 2021.
             Killed by vampiric draining
             ... invoked by a vampire
              (16 damage)
             ... on level 6 of the Dungeon.
             The game lasted 00:07:32 (7326 turns).

iamoutofideas the Cleaver (Hill Orc Gladiator)      Turns: 7326, Time: 00:07:33

Health: -6/70      AC: 12    Str: 19    XL:     8   Next: 92%
Magic:  8/8        EV:  8    Int:  8    God:
Gold:   211        SH:  0    Dex: 12    Spells: 7/7 levels left

rFire   . . .      SeeInvis .   v - +0 hand axe (vamp)
rCold   . . .      Faith    .   (no shield)
rNeg    . . .      Spirit   .   A - +0 chain mail
rPois   .          Reflect  .   c - +0 helmet
rElec   .          Harm     .   q - +0 cloak
rCorr   .          Rampage  .   o - +0 pair of gloves
Will    .....                   B - +0 pair of boots
Stlth   ..........              y - amulet of regeneration
HPRegen 1.21/turn               s - ring of flight
MPRegen 0.11/turn               (no ring)

@: flying
A: no striking features
a: no special abilities


You were on level 6 of the Dungeon.
You visited 2 branches of the dungeon, and saw 8 of its levels.
You also visited: Ossuary.

You collected 211 gold pieces.

Inventory:

Hand Weapons
 a - a +0 war axe
 v - a +0 vampiric hand axe (weapon)
Missiles
 d - 3 throwing nets (quivered)
Armour
 b - a +0 leather armour
 c - a +0 helmet (worn)
 j - a +0 kite shield
 o - a +0 pair of gloves (worn)
 q - a +0 cloak (worn)
 A - a +0 chain mail (worn)
 B - a +0 pair of boots (worn)
Jewellery
 p - a +6 ring of intelligence
 s - a ring of flight (left hand)
 y - an amulet of regeneration (around neck)
 C - the ring "Tasmural" {MP-9 Str+2 Int+5 SInv}
   (You found it on level 6 of the Dungeon)

   [ring of see invisible]

   Str:       It affects your strength (+2).
   Int:       It affects your intelligence (+5).
   MP:        It affects your magic capacity (-9).
   SInv:      It lets you see invisible.
Wands
 u - a wand of polymorph (7)
 D - a wand of acid (4)
Scrolls
 e - a scroll of summoning
 l - 2 scrolls of fog
 n - 2 scrolls of teleportation
 t - a scroll of fear
Potions
 f - 3 potions of mutation
 g - 3 potions of attraction {unknown}
 h - a potion of haste
 i - 3 potions of curing {unknown}
 k - 4 potions of berserk rage
 m - a potion of flight {unknown}
 r - 2 potions of magic {unknown}
 w - a potion of lignification {unknown}
 x - 2 potions of brilliance {unknown}
 z - a potion of cancellation {unknown}


   Skills:
 + Level 5.9 Fighting
 * Level 13.2 Axes
 - Level 1.8 Throwing
 - Level 0.2 Armour
 - Level 2.7 Dodging


You had 7 spell levels left.
You didn't know any spells.
Your spell library contained the following spells:

 Spells                   Type           Power      Damage    Failure   Level
 Sandblast                Erth           0%         2d4       99%         1
 Passwall                 Tmut/Erth      0%         N/A       100%        2
 Stone Arrow              Conj/Erth      0%         3d7       100%        3


Dungeon Overview and Level Annotations

Branches:
Dungeon (7/15)             Temple (1/1) D:4         Ossuary (visited)

Altars:
Ashenzari
Cheibriados
Elyvilon
Fedhas
Gozag
Hepliaklqana
Kikubaaqudgha
Nemelex Xobeh
Okawaru
Qazlal
Ru
Sif Muna
Uskayaw
Vehumet
Wu Jian
Xom
Yredelemnul
Zin
The Shining One

Annotations:
D:6 Edmund


Message History

Something draws strength from your injuries!
You miss something. You hit something. Something hits you but does no damage.
Something bites you but does no damage.
You hit something. Something hits you but does no damage. Something bites you!
Something draws strength from your injuries!
You miss something.
Aiming: Corrosive Bolt
Press: ? - help, Shift-Dir - straight line, f - you That beam is likely to hit you.
Continue anyway?
Okay, then.
Aiming: Corrosive Bolt
Press: ? - help, Shift-Dir - straight line The bolt of acid hits something.
The acid corrodes something!
Something hits you. Something bites you.
Something draws strength from your injuries!
Unknown command.
Unknown command.
Aiming: Corrosive Bolt
Press: ? - help, Shift-Dir - straight line The bolt of acid hits something!
Something seems to be corroded for longer.
Something hits you but does no damage. Something bites you!
* * * LOW HITPOINT WARNING * * *
Something draws strength from your injuries!
Unknown command.
Aiming: Corrosive Bolt
Press: ? - help, Shift-Dir - straight line The bolt of acid hits something!!
Something hits you.
* * * LOW HITPOINT WARNING * * *
Something bites you!
* * * LOW HITPOINT WARNING * * *
Something draws strength from your injuries!
Unknown command.
Aiming: Corrosive Bolt
Press: ? - help, Shift-Dir - straight line The bolt of acid hits something!
Something seems to be corroded for longer.
Something draws life force from you!
You die...

# ## ### ##. ###.## ##..
##....## ##...
##......## ##....
##........# ###.....
##.........# ##...[...
#...{@.....###......##
#>.........##..<...##.
#.................###..
#................###..#
.................##...##
....................###
.............##....##
.............####.## #..
.........# #..#


There were no monsters in sight!

Vanquished Creatures
  Grinder (D:6)
  Sigmund (D:4)
  An ice beast (D:4)
  An ogre (D:6)
  A centaur (D:5)
  A phantom (D:4)
  Blork the orc (D:4)
  A gnoll sergeant (D:5)
  A scorpion (D:7)
  2 water moccasin zombies (Ossuary)
  2 hounds
  4 orc priests
  A jelly (D:6)
  A centaur skeleton (D:5)
  Ijyb (D:4)
  2 iguanas
  An orc wizard (D:4)
  2 mummies (Ossuary)
  6 adders
  5 gnolls
  7 adder zombies (Ossuary)
  4 worms
  A dart slug (D:2)
  15 orcs
  5 endoplasms
  6 giant cockroaches
  4 gnoll zombies (Ossuary)
  8 hobgoblins
  3 quokkas
  6 ball pythons
  4 bats
  3 frilled lizards
  7 goblins
  5 hobgoblin zombies (Ossuary)
  7 kobolds
  5 kobold zombies (Ossuary)
  3 orc zombies (Ossuary)
  7 rats
136 creatures vanquished.

Vanquished Creatures (collateral kills)
  An adder (D:4)
1 creature vanquished.

Grand Total: 137 creatures vanquished

Notes
Turn   | Place    | Note
-------+----------+-------------------------------------------
     0 | D:1      | iamoutofideas the Hill Orc Gladiator began the quest for
                  | the Orb.
     0 | D:1      | Reached XP level 1. HP: 18/18 MP: 1/1
   186 | D:1      | Reached XP level 2. HP: 25/25 MP: 2/2
   497 | D:1      | Found a faded altar of an unknown god.
   792 | D:1      | Reached XP level 3. HP: 30/30 MP: 3/3
  1116 | D:2      | Reached skill level 5 in Axes
  1605 | D:2      | Reached XP level 4. HP: 34/38 MP: 4/4
  1872 | D:2      | Reached skill level 6 in Axes
  3237 | D:4      | Noticed Sigmund
  3241 | D:4      | Reached XP level 5. HP: 42/45 MP: 5/5
  3245 | D:4      | Killed Sigmund
  3246 | D:4      | Reached skill level 8 in Axes
  3246 | D:4      | Reached XP level 6. HP: 49/51 MP: 6/6
  3376 | D:4      | Found a sand-covered staircase.
  3383 | Ossuary  | Entered an ossuary
  3574 | Ossuary  | Reached skill level 9 in Axes
  3699 | Ossuary  | Reached XP level 7. HP: 38/58 MP: 7/7
  4601 | D:4      | Reached skill level 10 in Axes
  4765 | D:4      | Found a staircase to the Ecumenical Temple.
  4796 | D:4      | Noticed Ijyb
  4798 | D:4      | Noticed Blork the orc
  4806 | D:4      | Killed Ijyb
  4810 | D:4      | Killed Blork the orc
  4811 | D:4      | Reached skill level 11 in Axes
  4874 | D:4      | Reached XP level 8. HP: 67/67 MP: 8/8
  5248 | Temple   | Entered the Ecumenical Temple
  5341 | D:5      | Entered Level 5 of the Dungeon
  5865 | D:5      | Identified the +1 robe of Absence {Rampage rCorr Str-5
                  | Dex-4}
  5984 | D:5      | Reached skill level 5 in Fighting
  6211 | D:6      | Found a sparkling altar of Nemelex Xobeh.
  6224 | D:6      | Identified the ring "Tasmural" {MP-9 Str+2 Int+5 SInv}
  6403 | D:5      | Reached skill level 12 in Axes
  6688 | D:6      | Noticed a two-headed ogre
  6688 | D:6      | Noticed a troll
  6862 | D:6      | Noticed Grinder
  6868 | D:6      | Paralysed by Grinder for 6 turns
  6944 | D:6      | Noticed Edmund
  7175 | D:6      | Paralysed by Grinder for 3 turns
  7194 | D:6      | Paralysed by Grinder for 3 turns
  7221 | D:6      | Killed Grinder
  7222 | D:6      | Reached skill level 13 in Axes
  7300 | D:6      | Noticed a vampire
  7326 | D:6      | Killed from afar by a vampire

Illustrated notes

Levels and vault maps discovered:
D:1:      matt_arrival_grand_opening, layout_loops_ring, basic_ecumenical_altar,
          dk_noncrumbling_2
D:2:      layout_rooms, chequers_serial_rivers_room_b, minmay_pentomino_z4
D:3:      layout_loops_ring
D:4:      layout_layer_cave, minmay_temple_entry_slanted, enter_ossuary_2,
          minivault_1, minmay_statues_item, uniq_blork_the_orc, uniq_sigmund,
          uniq_ijyb
D:5:      layout_basic
D:6:      layout_cave_pods, mainiacjoe_overflow_concentric_impassable,
          lightli_corner_chamber, uniq_edmund, uniq_grinder
D:7:      layout_rooms, mainiacjoe_overflow_divided_tiny
Temple:   compressed_dpeg_circular_temple

Skill      XL: |  1  2  3  4  5  6  7  8 |
---------------+-------------------------+-----
Axes           | 5 6 8 9 11 13 | 13.2
Fighting       | 3 4 5 |  5.9
Throwing       | |  1.8
Armour         | |  0.2
Dodging        | |  2.7

Action                   |  1- 3 |  4- 6 |  7- 9 || total
-------------------------+-------+-------+-------++-------
Melee: War axe           |   102 |   152 |    59 ||   313
       Unarmed           |       |       |    11 ||    11
       Hand axe          |       |       |   197 ||   197
Evoke: Wand              |       |       |     4 ||     4
  Use: Scroll            |       |     7 |     7 ||    14
       Potion            |       |     1 |       ||     1
Armor: Leather armour    |    24 |    42 |    41 ||   107
       Skin              |       |       |     2 ||     2
       Chain mail        |       |       |    54 ||    54
Dodge: Dodged            |    64 |    76 |   134 ||   274

Table legend: (Time is in decaauts)
 A = Elapsed time spent in this place.
 B = Non-inter-level travel time spent in this place.
 C = Inter-level travel time spent in this place.
 D = Time resting spent in this place.
 E = Time spent auto-exploring this place.
 F = Levels seen in this place.
 G = Mean time per level.
                   A        B        C        D        E       F      G
               +--------+--------+--------+--------+--------+-----+--------+
         Total |   7315 |   6977 |    338 |   1294 |   4536 |   9 |  812.8 |
       Dungeon |   6698 |   6369 |    329 |   1005 |   4370 |   7 |  956.9 |
        Temple |     81 |     73 |      8 |      0 |     58 |   1 |   81.0 |
       Ossuary |    534 |    534 |      0 |    289 |    108 |   1 |  534.0 |
               +--------+--------+--------+--------+--------+-----+--------+

Top non-repeatable levels by time:
     D:4: 1400 daAuts
     D:3: 1193 daAuts
     D:2: 1166 daAuts
     D:1: 1119 daAuts
     D:5: 1058 daAuts
     D:6: 740 daAuts
 Ossuary: 534 daAuts
  Temple: 81 daAuts
     D:7: 19 daAuts
